Sabres vs Sénateurs (R1)

Created - 15 décembre 2014 at 20:34

Goals
1 2 3 T
Sabres 1 3 1 5
Sénateurs 0 2 0 2
Shots
1 2 3 T
Sabres 7 10 13 30
Sénateurs 5 15 7 27

1st period

1. Sabres , Justin Williams 2 (Todd White, Ole-Kristian Tollefsen) at 8:17

Penalties :
B.J. Crombeen (Ott) for Roughing (Minor) at 3:47, Sami Salo (Ott) for Hooking (Minor) at 8:38, Sami Salo (Ott) for Slashing (Minor) at 15:52

2nd period

2. Sabres , Joni Pitkanen 8 (Mats Sundin, Ryan Hollweg) at 2:26 (PP)
3. Sabres , Todd White 3 (Ole-Kristian Tollefsen, Justin Williams) at 3:05
4. Sabres , Tomas Kopecky 6 (Joni Pitkanen, Ole-Kristian Tollefsen) at 7:22 (SH)
5. Sénateurs , Jean-Pierre Dumont 16 (Andy McDonald, Gilbert Brule) at 7:36 (PP)
6. Sénateurs , Andy Hilbert 5 (Vitaly Vishnevsky, B.J. Crombeen) at 9:04

Penalties :
Gilbert Brule (Ott) for Hooking (Minor) at 1:05, Andy Hilbert (Ott) for Roughing (Minor) at 3:57, Nathan Dempsey (Buf) for Interference (Minor) at 6:39, Justin Williams (Buf) for Roughing (Minor) at 13:33

3rd period

7. Sabres , Joni Pitkanen 9 (Derick Brassard, Ole-Kristian Tollefsen) at 1:05 (PP)

Penalties :
Todd Bertuzzi (Ott) for Hooking (Minor) at 0:41, Gilbert Brule (Ott) for Interference (Minor) at 2:35, Mats Sundin (Buf) for Diving (Minor) at 13:05, Andy McDonald (Ott) for Hooking (Minor) at 16:23

Goalie Stats

Michal Neuvirth (Buf), 25 saves from 27 shots - (0,926), W, 16-9-6, 60:00 minutes
Jeff Deslauriers (Ott), 12 saves from 13 shots - (0,923), 32:38 minutes
Jonas Hiller (Ott), 13 saves from 17 shots - (0,765), L, 11-10-3, 27:22 minutes

Players Stats for Sabres

Player Name              G  A  P  +/- PIM S  H  SB GA TA FO     MP     PP MP  PK MP  
------------------------------------------------------------------------------------
Antoine Roussel          0  0  0   0  0   4  2  1  0  0  1/1    16:53   5:26   0:00 
Derick Brassard          0  1  1   0  0   1  2  1  0  0  15/31  22:27   8:13   0:00 
James Neal               0  0  0   0  0   4  1  0  0  0  1/1    21:12   8:13   0:34 
Jiri Hudler              0  0  0   0  0   0  0  0  0  0  0/0     1:40   0:40   0:00 
Joni Pitkanen            2  1  3   0  0   4  1  0  1  1  0/0    26:51   9:35   2:23 
Justin Williams          1  1  2   1  2   5  2  2  0  0  0/0    10:05   0:00   0:00 
Kyle Calder              0  0  0   1  0   0  1  0  1  0  2/2    10:19   0:00   1:16 
Mats Sundin              0  1  1   1  2   1  1  0  0  1  1/1    17:48   5:26   0:35 
Mike Fisher              0  0  0   0  0   0  1  0  1  1  7/14   14:09   0:00   3:04 
Nathan Dempsey           0  0  0   2  2   0  4  0  0  1  0/0    20:05   1:10   1:44 
Nathan Paetsch           0  0  0   0  0   2  0  1  0  0  0/0    10:08   2:54   0:31 
Niclas Bergfors          0  0  0   0  0   1  0  0  0  0  3/4    17:22   8:13   0:00 
Ole-Kristian Tollefsen   0  4  4   3  0   1  1  0  0  1  0/0    29:42   9:15   3:04 
Richard Lintner          0  0  0  -1  0   0  1  0  0  0  0/0    12:23   0:00   0:17 
Ryan Hollweg             0  1  1   0  0   2  4  0  1  0  4/6    18:26   3:45   0:00 
Todd White               1  1  2   1  0   2  2  1  0  0  5/7    12:03   0:00   3:04 
Tomas Kopecky            1  0  1   1  0   3  1  1  0  0  0/0    14:21   1:01   1:17 
Tyler Sloan              0  0  0   0  0   0  1  0  1  0  0/0    19:08   4:24   1:51 

Players Stats for Sénateurs

Player Name              G  A  P  +/- PIM S  H  SB GA TA FO     MP     PP MP  PK MP  
------------------------------------------------------------------------------------
Andrew Ebbett            0  0  0   1  0   3  2  0  0  1  0/3    10:08   0:00   1:22 
Andy Hilbert             1  0  1   1  2   2  1  0  0  1  2/3    12:30   0:00   3:21 
Andy McDonald            0  1  1  -1  2   2  2  0  0  0  0/1    20:49   2:45   3:41 
B.J. Crombeen            0  1  1   1  2   1  1  0  0  0  0/0    10:27   0:00   0:00 
Carlo Colaiacovo         0  0  0  -1  0   0  1  0  0  1  0/0    20:08   2:05   5:06 
Dan Girardi              0  0  0  -1  0   1  0  4  1  0  0/0    20:08   2:05   5:06 
Dan Hamhuis              0  0  0  -1  0   1  1  5  2  0  0/0    28:57   2:50   8:33 
Darcy Hordichuk          0  0  0  -1  0   1  2  1  1  1  1/1    12:10   2:10   0:00 
Daymond Langkow          0  0  0  -1  0   1  5  0  0  0  1/5    18:19   2:10   4:14 
Gilbert Brule            0  1  1  -1  4   4  1  1  1  1  20/43  22:10   2:45   6:22 
Jean-Pierre Dumont       1  0  1  -1  0   5  1  0  0  0  1/2    24:12   2:45   8:18 
Nikita Alexeev           0  0  0  -1  0   3  0  1  0  0  1/1     7:44   0:00   0:00 
Nikolai Kulemin          0  0  0  -1  0   0  1  0  0  0  0/0     7:44   0:00   0:00 
Ryan Parent              0  0  0   0  0   1  0  0  0  0  0/0    10:55   0:00   0:00 
Sami Salo                0  0  0   0  4   0  0  0  0  0  0/0    11:02   0:00   0:00 
Todd Bertuzzi            0  0  0  -1  2   1  2  1  0  0  0/0    12:09   2:10   0:00 
Vernon Fiddler           0  0  0  -1  0   1  0  1  0  0  2/8     7:44   0:00   0:00 
Vitaly Vishnevsky        0  1  1  -1  0   0  1  3  0  0  0/0    28:57   2:50   8:33 

3 Stars

1 - Ole-Kristian Tollefsen (Buf)
2 - Joni Pitkanen (Buf)
3 - Todd White (Buf)

Power Play

Sabres - 2 on 8 Attempt(s) - 25,00%
Sénateurs - 1 on 3 Attempt(s) - 33,33%

Penalty Kill

Sabres - 2 on 3 Attempt(s) - 66,67% - Score 1 goal in Penalty Kill
Sénateurs - 6 on 8 Attempt(s) - 75,00% - Score 0 goal in Penalty Kill

Official

Referees : Hebert Ghislain and Dwyer Gord
Linesman : Brian Mach and Dan Schachte

Game Notes

Jiri Hudler is injured at 5:08 of 1st period (Bruised Left Leg)
Jeff Deslauriers enters game at 7:22 of 2nd period
Nathan Paetsch is injured at 9:43 of 2nd period (Back Spasms)

Finance

Level 1 -- Attendance: 5893 (98,22%) -- Ticket Income 500 905 $
Level 2 -- Attendance: 4536 (90,72%) -- Ticket Income 226 800 $
Level 3 -- Attendance: 1732 (86,60%) -- Ticket Income 51 960 $
Level 4 -- Attendance: 3574 (89,35%) -- Ticket Income 53 610 $
Luxury Box -- Attendance: 765 (76,50%) -- Ticket Income 130 050 $
Game was played at the Place Banque Scotia
Total Attendance: 16500 (91,67%)
Total Ticket Income: 963 325 $
Other Income: 144 499 $
Total Income: 1 107 824 $

Sabres

5 vs 5 Forward 
   Center                   Left Wing                Right Wing               Time % Phy DF OF 
 1 Derick Brassard          Ryan Hollweg             Niclas Bergfors          35     1   2  2  
 2 Jiri Hudler              James Neal               Tomas Kopecky            30     1   3  1  
 3 Mike Fisher              Antoine Roussel          Mats Sundin              25     1   3  1  
 4 Todd White               Kyle Calder              Justin Williams          10     1   3  1  

5 vs 5 Defense 
   Defense                  Defense                                           Time % Phy DF OF 
 1 Ole-Kristian Tollefsen   Nathan Dempsey                                    40     1   3  1  
 2 Richard Lintner          Joni Pitkanen                                     30     1   3  1  
 3 Tyler Sloan              Nathan Paetsch                                    20     1   3  1  
 4 Ole-Kristian Tollefsen   Joni Pitkanen                                     10     1   1  3  

PowerPlay Forward 
   Center                   Left Wing                Right Wing               Time % Phy DF OF 
 1 Derick Brassard          James Neal               Niclas Bergfors          60     1   0  4  
 2 Jiri Hudler              Antoine Roussel          Mats Sundin              40     2   1  2  

PowerPlay Defense
   Defense                  Defense                                           Time % Phy DF OF 
 1 Ole-Kristian Tollefsen   Joni Pitkanen                                     60     1   1  3  
 2 Tyler Sloan              Nathan Paetsch                                    40     1   3  1  

Penalty Kill 4 Players Forward 
   Center                   Wing                     Time % Phy DF OF 
 1 Mike Fisher              Todd White               60     1   4  0  
 2 Mats Sundin              Tomas Kopecky            40     1   4  0  

Penalty Kill 4 Players Defense
   Defense                  Defense                  Time % Phy DF OF 
 1 Ole-Kristian Tollefsen   Joni Pitkanen            60     1   3  1  
 2 Tyler Sloan              Nathan Paetsch           40     1   4  0  

Penalty Kill - 3 Players Forward 
   Forward                                           Time % Phy DF OF 
 1 Mike Fisher                                       60     0   5  0  
 2 Todd White                                        40     0   5  0  

Penalty Kill - 3 Players Defense
   Defense                  Defense                  Time % Phy DF OF 
 1 Ole-Kristian Tollefsen   Joni Pitkanen            60     1   4  0  
 2 Tyler Sloan              Nathan Paetsch           40     1   4  0  

4 vs 4 Forward 
   Center                   Wing                     Time % Phy DF OF 
 1 Derick Brassard          Niclas Bergfors          60     1   2  2  
 2 Mike Fisher              Mats Sundin              40     1   3  1  

4 vs 4 Defense
   Defense                  Defense                  Time % Phy DF OF 
 1 Ole-Kristian Tollefsen   Joni Pitkanen            60     1   3  1  
 2 Tyler Sloan              Nathan Paetsch           40     1   3  1  

Last Minutes Offensive
   Center                   Left Wing                Right Wing               Defense                  Defense                  
   Derick Brassard          James Neal               Niclas Bergfors          Ole-Kristian Tollefsen   Joni Pitkanen            

Last Minutes Defensive
   Center                   Left Wing                Right Wing               Defense                  Defense                  
   Mike Fisher              Todd White               Mats Sundin              Ole-Kristian Tollefsen   Joni Pitkanen            

Goaltenders
Starting : Michal Neuvirth          
Backup : Ty Conklin               

Extra Forwards
Normal : Ryan Hollweg, James Neal, Jiri Hudler - PP : Ryan Hollweg, Tomas Kopecky - PK : Kyle Calder
Extra Defensemen
Normal : Nathan Dempsey, Nathan Paetsch, Tyler Sloan - PP : Nathan Dempsey - PK : Nathan Dempsey, Richard Lintner
Penalty Shots
James Neal, Niclas Bergfors, Jiri Hudler, Mats Sundin, Ryan Hollweg

Sénateurs

5 vs 5 Forward 
   Center                   Left Wing                Right Wing               Time % Phy DF OF 
 1 Gilbert Brule            Andy McDonald            Jean-Pierre Dumont       40     1   2  2  
 2 Daymond Langkow          Darcy Hordichuk          Todd Bertuzzi            30     1   2  2  
 3 Andrew Ebbett            Andy Hilbert             B.J. Crombeen            20     1   2  2  
 4 Vernon Fiddler           Nikolai Kulemin          Nikita Alexeev           10     1   2  2  

5 vs 5 Defense 
   Defense                  Defense                                           Time % Phy DF OF 
 1 Vitaly Vishnevsky        Dan Hamhuis                                       40     1   2  2  
 2 Dan Girardi              Carlo Colaiacovo                                  30     1   2  2  
 3 Sami Salo                Ryan Parent                                       20     1   2  2  
 4 Vitaly Vishnevsky        Dan Hamhuis                                       10     1   2  2  

PowerPlay Forward 
   Center                   Left Wing                Right Wing               Time % Phy DF OF 
 1 Gilbert Brule            Andy McDonald            Jean-Pierre Dumont       60     1   2  2  
 2 Daymond Langkow          Darcy Hordichuk          Todd Bertuzzi            40     1   2  2  

PowerPlay Defense
   Defense                  Defense                                           Time % Phy DF OF 
 1 Vitaly Vishnevsky        Dan Hamhuis                                       60     1   2  2  
 2 Dan Girardi              Carlo Colaiacovo                                  40     1   2  2  

Penalty Kill 4 Players Forward 
   Center                   Wing                     Time % Phy DF OF 
 1 Gilbert Brule            Jean-Pierre Dumont       60     1   2  2  
 2 Daymond Langkow          Andy McDonald            40     1   2  2  

Penalty Kill 4 Players Defense
   Defense                  Defense                  Time % Phy DF OF 
 1 Vitaly Vishnevsky        Dan Hamhuis              60     1   2  2  
 2 Dan Girardi              Carlo Colaiacovo         40     1   2  2  

Penalty Kill - 3 Players Forward 
   Forward                                           Time % Phy DF OF 
 1 Gilbert Brule                                     60     1   2  2  
 2 Jean-Pierre Dumont                                40     1   2  2  

Penalty Kill - 3 Players Defense
   Defense                  Defense                  Time % Phy DF OF 
 1 Vitaly Vishnevsky        Dan Hamhuis              60     1   2  2  
 2 Dan Girardi              Carlo Colaiacovo         40     1   2  2  

4 vs 4 Forward 
   Center                   Wing                     Time % Phy DF OF 
 1 Gilbert Brule            Jean-Pierre Dumont       60     1   2  2  
 2 Daymond Langkow          Andy McDonald            40     1   2  2  

4 vs 4 Defense
   Defense                  Defense                  Time % Phy DF OF 
 1 Vitaly Vishnevsky        Dan Hamhuis              60     1   2  2  
 2 Dan Girardi              Carlo Colaiacovo         40     1   2  2  

Last Minutes Offensive
   Center                   Left Wing                Right Wing               Defense                  Defense                  
   Gilbert Brule            Andy McDonald            Jean-Pierre Dumont       Vitaly Vishnevsky        Dan Hamhuis              

Last Minutes Defensive
   Center                   Left Wing                Right Wing               Defense                  Defense                  
   Gilbert Brule            Andy McDonald            Jean-Pierre Dumont       Vitaly Vishnevsky        Dan Hamhuis              

Goaltenders
Starting : Jonas Hiller             
Backup : Jeff Deslauriers         

Extra Forwards
Normal : Andrew Ebbett, B.J. Crombeen, Andy Hilbert - PP : Andrew Ebbett, B.J. Crombeen - PK : Andy Hilbert
Extra Defensemen
Normal : Sami Salo, Ryan Parent, Dan Girardi - PP : Sami Salo - PK : Ryan Parent, Dan Girardi
Penalty Shots
Gilbert Brule, Jean-Pierre Dumont, Daymond Langkow, Andy McDonald, Darcy Hordichuk

% Time on Ice - Sabres

Lines # - Real PCT - Wanted PCT - Time Play
Normal Forward
1 - 22% - 35% - 9:03
2 - 30% - 30% - 12:25
3 - 27% - 25% - 11:02
4 - 22% - 10% - 8:56
Normal Defense
1 - 40% - 40% - 16:30
2 - 27% - 30% - 11:20
3 - 32% - 20% - 13:26
4 - 0% - 10% - 0:10
PP Forward
1 - 60% - 60% - 8:13
2 - 40% - 40% - 5:26
PP Defense
1 - 68% - 60% - 9:15
2 - 32% - 40% - 4:24
PK Forward
1 - 74% - 60% - 3:38
2 - 26% - 40% - 1:17
PK Defense
1 - 62% - 60% - 3:04
2 - 38% - 40% - 1:51
PK3 Forward
1 - 0% - 60%
2 - 0% - 40%
PK3 Defense
1 - 0% - 60%
2 - 0% - 40%
44 Forward
1 - 0% - 60%
2 - 0% - 40%
44 Defense
1 - 0% - 60%
2 - 0% - 40%
Last Minute Offensive  - 0:00
Last Minute Defensive  - 0:00
Total
Forward - 60:00
Defense - 60:00

% Time on Ice - Sénateurs

Lines # - Real PCT - Wanted PCT - Time Play
Normal Forward
1 - 32% - 40% - 13:09
2 - 29% - 30% - 11:55
3 - 21% - 20% - 8:38
4 - 19% - 10% - 7:44
Normal Defense
1 - 41% - 40% - 17:02
2 - 31% - 30% - 12:57
3 - 26% - 20% - 10:55
4 - 1% - 10% - 0:32
PP Forward
1 - 56% - 60% - 2:45
2 - 44% - 40% - 2:10
PP Defense
1 - 58% - 60% - 2:50
2 - 42% - 40% - 2:05
PK Forward
1 - 73% - 60% - 9:57
2 - 27% - 40% - 3:42
PK Defense
1 - 63% - 60% - 8:33
2 - 37% - 40% - 5:06
PK3 Forward
1 - 0% - 60%
2 - 0% - 40%
PK3 Defense
1 - 0% - 60%
2 - 0% - 40%
44 Forward
1 - 0% - 60%
2 - 0% - 40%
44 Defense
1 - 0% - 60%
2 - 0% - 40%
Last Minute Offensive  - 0:00
Last Minute Defensive  - 0:00
Total
Forward - 60:00
Defense - 60:00

Play by Play

1st period


0:01 of 1st period - Derick Brassard wins face-off versus Gilbert Brule in neutral zone.
0:33 of 1st period - Wrist shot by James Neal.
0:33 of 1st period - Stopped by Jonas Hiller with a rebound.
0:41 of 1st period - Antoine Roussel is hit by Daymond Langkow and loses puck.
1:02 of 1st period - Snap shot by Todd White.
1:02 of 1st period - Deflect By Kyle Calder.
1:02 of 1st period - Shot Misses the Net.
1:02 of 1st period - Puck is out of play.
1:03 of 1st period - Mike Fisher wins face-off versus Vernon Fiddler in Sénateurs zone.
1:12 of 1st period - Snap shot by Vernon Fiddler.
1:12 of 1st period - Stopped by Michal Neuvirth with a rebound.
2:19 of 1st period - Nathan Paetsch is hit by B.J. Crombeen and loses puck.
2:30 of 1st period - Wrist shot by Antoine Roussel.
2:30 of 1st period - Shot Misses the Net.
2:38 of 1st period - Wrist shot by Antoine Roussel.
2:38 of 1st period - Stopped by Jonas Hiller without a rebound.
2:39 of 1st period - Darcy Hordichuk wins face-off versus Derick Brassard in Sénateurs zone.
2:39 of 1st period - Darcy Hordichuk is hit by Nathan Dempsey.
2:57 of 1st period - Dan Girardi is hit by Ryan Hollweg and loses puck.
3:10 of 1st period - Ole-Kristian Tollefsen is hit by Gilbert Brule and loses puck.
3:15 of 1st period - Snap shot by Gilbert Brule.
3:15 of 1st period - Deflect By Jean-Pierre Dumont.
3:15 of 1st period - Stopped by Michal Neuvirth with a rebound.
3:47 of 1st period - Minor Penalty to B.J. Crombeen for Roughing.
3:48 of 1st period - Derick Brassard wins face-off versus Gilbert Brule in Sénateurs zone.
5:07 of 1st period - Jiri Hudler is hit by Andy McDonald and loses puck.
5:08 of 1st period - Jiri Hudler from Sabres is injured at 5:08 of 1st period (Bruised Left Leg).
5:09 of 1st period - Gilbert Brule wins face-off versus Derick Brassard in Sabres zone.
5:47 of 1st period - Penalty to B.J. Crombeen is over, B.J. Crombeen is back on ice.
6:09 of 1st period - Wrist shot by Justin Williams.
6:09 of 1st period - Shot Misses the Net.
6:41 of 1st period - Wrist shot by Andy McDonald.
6:41 of 1st period - Shot Misses the Net.
6:43 of 1st period - Snap shot by Daymond Langkow.
6:43 of 1st period - Shot Hit the Post.
6:45 of 1st period - Backhand shot by Daymond Langkow.
6:45 of 1st period - Shot Misses the Net.
6:47 of 1st period - Wrist shot by Daymond Langkow.
6:47 of 1st period - Shot Misses the Net.
6:49 of 1st period - Wrist shot by Daymond Langkow.
6:49 of 1st period - Shot Misses the Net.
7:36 of 1st period - Slapshot by Daymond Langkow.
7:36 of 1st period - Deflect By Andy McDonald.
7:36 of 1st period - Shot Blocked by Tomas Kopecky.
7:36 of 1st period - Puck is out of play.
7:37 of 1st period - Antoine Roussel wins face-off versus Vernon Fiddler in Sabres zone.
7:44 of 1st period - Wrist shot by Antoine Roussel.
7:44 of 1st period - Shot Misses the Net.
7:54 of 1st period - Mike Fisher is hit by Nikolai Kulemin and loses puck.
8:07 of 1st period - Wrist shot by Kyle Calder.
8:07 of 1st period - Shot Misses the Net.
8:09 of 1st period - Slapshot by Nathan Dempsey.
8:09 of 1st period - Shot Misses the Net.
8:11 of 1st period - Snap shot by Kyle Calder.
8:11 of 1st period - Shot Blocked by Dan Hamhuis.
8:13 of 1st period - Slapshot by Ole-Kristian Tollefsen.
8:13 of 1st period - Shot Blocked by Dan Hamhuis.
8:15 of 1st period - Slapshot by Ole-Kristian Tollefsen.
8:15 of 1st period - Shot Misses the Net.
8:17 of 1st period - Backhand shot by Todd White.
8:17 of 1st period - Deflect By Justin Williams.
8:17 of 1st period - Goal by Justin Williams - Sabres : 1 - Sénateurs : 0.
8:18 of 1st period - Mike Fisher wins face-off versus Vernon Fiddler in neutral zone.
8:35 of 1st period - Snap shot by Joni Pitkanen.
8:35 of 1st period - Deflect By Justin Williams.
8:35 of 1st period - Stopped by Jonas Hiller without a rebound.
8:36 of 1st period - Vernon Fiddler wins face-off versus Derick Brassard in Sénateurs zone.
8:38 of 1st period - Minor Penalty to Sami Salo for Hooking.
8:39 of 1st period - Derick Brassard wins face-off versus Gilbert Brule in Sénateurs zone.
8:41 of 1st period - Backhand shot by James Neal.
8:41 of 1st period - Shot Misses the Net.
8:49 of 1st period - Snap shot by Gilbert Brule.
8:49 of 1st period - Deflect By Jean-Pierre Dumont.
8:49 of 1st period - Stopped by Michal Neuvirth without a rebound.
8:50 of 1st period - James Neal wins face-off versus Gilbert Brule in Sabres zone.
10:02 of 1st period - Jean-Pierre Dumont is hit by James Neal and loses puck.
10:38 of 1st period - Penalty to Sami Salo is over, Sami Salo is back on ice.
11:49 of 1st period - Snap shot by Gilbert Brule.
11:49 of 1st period - Stopped by Michal Neuvirth with a rebound.
12:23 of 1st period - Vitaly Vishnevsky is hit by Nathan Dempsey and loses puck.
14:19 of 1st period - Antoine Roussel is hit by Carlo Colaiacovo and loses puck.
14:26 of 1st period - Slapshot by Jean-Pierre Dumont.
14:26 of 1st period - Shot Misses the Net.
14:43 of 1st period - Vitaly Vishnevsky is hit by Ryan Hollweg and loses puck.
15:04 of 1st period - Icing by Vitaly Vishnevsky.
15:05 of 1st period - Mats Sundin wins face-off versus Andrew Ebbett in Sénateurs zone.
15:08 of 1st period - Slapshot by James Neal.
15:08 of 1st period - Stopped by Jonas Hiller with a rebound.
15:10 of 1st period - Slapshot by Todd White.
15:10 of 1st period - Stopped by Jonas Hiller without a rebound.
15:11 of 1st period - Todd White wins face-off versus Gilbert Brule in Sénateurs zone.
15:20 of 1st period - Snap shot by Justin Williams.
15:20 of 1st period - Shot Misses the Net.
15:52 of 1st period - Minor Penalty to Sami Salo for Slashing.
15:53 of 1st period - Niclas Bergfors wins face-off versus Gilbert Brule in Sénateurs zone.
16:18 of 1st period - Dan Hamhuis is hit by Antoine Roussel and loses puck.
16:41 of 1st period - Wrist shot by Daymond Langkow.
16:41 of 1st period - Shot Misses the Net.
17:52 of 1st period - Penalty to Sami Salo is over, Sami Salo is back on ice.
18:01 of 1st period - Off-side.
18:02 of 1st period - Todd White wins face-off versus Vernon Fiddler in neutral zone.
18:15 of 1st period - Snap shot by Joni Pitkanen.
18:15 of 1st period - Stopped by Jonas Hiller without a rebound.
18:16 of 1st period - Derick Brassard wins face-off versus Gilbert Brule in Sénateurs zone.
19:59 of 1st period - Snap shot by Nikita Alexeev.
19:59 of 1st period - Stopped by Michal Neuvirth with a rebound.
Goals for this period are 1 for Sabres vs 0 for Sénateurs.
Shots for this period are 7 for Sabres vs 5 for Sénateurs.

2nd period


0:01 of 2nd period - Niclas Bergfors wins face-off versus Gilbert Brule in neutral zone.
0:50 of 2nd period - Vernon Fiddler is hit by Antoine Roussel.
0:54 of 2nd period - Snap shot by Antoine Roussel.
0:54 of 2nd period - Stopped by Jonas Hiller with a rebound.
0:56 of 2nd period - Wrist shot by Mats Sundin.
0:56 of 2nd period - Deflect By Antoine Roussel.
0:56 of 2nd period - Stopped by Jonas Hiller without a rebound.
0:57 of 2nd period - Mike Fisher wins face-off versus Gilbert Brule in Sénateurs zone.
0:58 of 2nd period - Snap shot by Mats Sundin.
0:58 of 2nd period - Stopped by Jonas Hiller with a rebound.
1:00 of 2nd period - Slapshot by Mats Sundin.
1:00 of 2nd period - Shot Misses the Net.
1:02 of 2nd period - Slapshot by Nathan Paetsch.
1:02 of 2nd period - Stopped by Jonas Hiller without a rebound.
1:03 of 2nd period - Gilbert Brule wins face-off versus Mike Fisher in Sénateurs zone.
1:05 of 2nd period - Minor Penalty to Gilbert Brule for Hooking.
1:06 of 2nd period - Andy Hilbert wins face-off versus Derick Brassard in Sénateurs zone.
1:52 of 2nd period - Snap shot by Niclas Bergfors.
1:52 of 2nd period - Shot Misses the Net.
2:22 of 2nd period - Backhand shot by Joni Pitkanen.
2:22 of 2nd period - Shot Blocked by Dan Girardi.
2:24 of 2nd period - Slapshot by Mats Sundin.
2:24 of 2nd period - Shot Misses the Net.
2:26 of 2nd period - Slapshot by Joni Pitkanen.
2:26 of 2nd period - Goal by Joni Pitkanen - Sabres : 2 - Sénateurs : 0.
2:27 of 2nd period - Gilbert Brule wins face-off versus Mike Fisher in neutral zone.
2:38 of 2nd period - Wrist shot by Gilbert Brule.
2:38 of 2nd period - Shot Misses the Net.
2:40 of 2nd period - Wrist shot by Gilbert Brule.
2:40 of 2nd period - Stopped by Michal Neuvirth with a rebound.
2:54 of 2nd period - Vitaly Vishnevsky is hit by Kyle Calder.
2:55 of 2nd period - Icing by Vitaly Vishnevsky.
2:56 of 2nd period - Todd White wins face-off versus Daymond Langkow in Sénateurs zone.
2:57 of 2nd period - Wrist shot by Justin Williams.
2:57 of 2nd period - Shot Blocked by Darcy Hordichuk.
2:59 of 2nd period - Snap shot by Todd White.
2:59 of 2nd period - Shot Misses the Net.
3:01 of 2nd period - Slapshot by Ole-Kristian Tollefsen.
3:01 of 2nd period - Shot Misses the Net.
3:03 of 2nd period - Slapshot by Ole-Kristian Tollefsen.
3:03 of 2nd period - Stopped by Jonas Hiller with a rebound.
3:05 of 2nd period - Slapshot by Todd White.
3:05 of 2nd period - Goal by Todd White - Sabres : 3 - Sénateurs : 0.
3:06 of 2nd period - Derick Brassard wins face-off versus Gilbert Brule in neutral zone.
3:40 of 2nd period - Wrist shot by Todd Bertuzzi.
3:40 of 2nd period - Stopped by Michal Neuvirth without a rebound.
3:41 of 2nd period - Mike Fisher wins face-off versus Andrew Ebbett in Sabres zone.
3:57 of 2nd period - Minor Penalty to Andy Hilbert for Roughing.
3:58 of 2nd period - Derick Brassard wins face-off versus Jean-Pierre Dumont in Sénateurs zone.
4:32 of 2nd period - Snap shot by Ryan Hollweg.
4:32 of 2nd period - Shot Misses the Net.
4:43 of 2nd period - Off-side.
4:44 of 2nd period - Derick Brassard wins face-off versus Gilbert Brule in neutral zone.
4:47 of 2nd period - Wrist shot by James Neal.
4:47 of 2nd period - Shot Blocked by Gilbert Brule.
4:49 of 2nd period - Slapshot by Niclas Bergfors.
4:49 of 2nd period - Shot Misses the Net.
4:51 of 2nd period - Wrist shot by James Neal.
4:51 of 2nd period - Shot Blocked by Dan Girardi.
4:53 of 2nd period - Slapshot by Nathan Paetsch.
4:53 of 2nd period - Stopped by Jonas Hiller without a rebound.
4:54 of 2nd period - Gilbert Brule wins face-off versus Derick Brassard in Sénateurs zone.
5:41 of 2nd period - James Neal is hit by Andy McDonald and loses puck.
5:57 of 2nd period - Penalty to Andy Hilbert is over, Andy Hilbert is back on ice.
6:06 of 2nd period - Dan Hamhuis is hit by Justin Williams and loses puck.
6:15 of 2nd period - Snap shot by Justin Williams.
6:15 of 2nd period - Shot Blocked by Dan Hamhuis.
6:25 of 2nd period - Backhand shot by Vitaly Vishnevsky.
6:25 of 2nd period - Shot Misses the Net.
6:39 of 2nd period - Minor Penalty to Nathan Dempsey for Interference.
6:40 of 2nd period - Daymond Langkow wins face-off versus Mike Fisher in Sabres zone.
7:20 of 2nd period - Slapshot by Joni Pitkanen.
7:20 of 2nd period - Stopped by Jonas Hiller with a rebound.
7:22 of 2nd period - Snap shot by Tomas Kopecky.
7:22 of 2nd period - Goal by Tomas Kopecky - Sabres : 4 - Sénateurs : 0.
7:22 of 2nd period - Jeff Deslauriers enters game.
7:23 of 2nd period - Gilbert Brule wins face-off versus Mike Fisher in neutral zone.
7:30 of 2nd period - Slapshot by Jean-Pierre Dumont.
7:30 of 2nd period - Stopped by Michal Neuvirth without a rebound.
7:31 of 2nd period - Gilbert Brule wins face-off versus Mike Fisher in Sabres zone.
7:34 of 2nd period - Snap shot by Andy McDonald.
7:34 of 2nd period - Shot Misses the Net.
7:36 of 2nd period - Snap shot by Jean-Pierre Dumont.
7:36 of 2nd period - Goal by Jean-Pierre Dumont - Sabres : 4 - Sénateurs : 1.
7:37 of 2nd period - Gilbert Brule wins face-off versus Derick Brassard in neutral zone.
7:46 of 2nd period - Wrist shot by Jean-Pierre Dumont.
7:46 of 2nd period - Shot Misses the Net.
7:52 of 2nd period - Slapshot by Gilbert Brule.
7:52 of 2nd period - Stopped by Michal Neuvirth with a rebound.
8:04 of 2nd period - Snap shot by Darcy Hordichuk.
8:04 of 2nd period - Stopped by Michal Neuvirth with a rebound.
8:06 of 2nd period - Slapshot by Carlo Colaiacovo.
8:06 of 2nd period - Shot Misses the Net.
8:08 of 2nd period - Backhand shot by Dan Girardi.
8:08 of 2nd period - Stopped by Michal Neuvirth without a rebound.
8:09 of 2nd period - Gilbert Brule wins face-off versus Ryan Hollweg in Sabres zone.
9:00 of 2nd period - Slapshot by Vitaly Vishnevsky.
9:00 of 2nd period - Deflect By Andrew Ebbett.
9:00 of 2nd period - Stopped by Michal Neuvirth with a rebound.
9:02 of 2nd period - Slapshot by B.J. Crombeen.
9:02 of 2nd period - Shot Misses the Net.
9:04 of 2nd period - Slapshot by Vitaly Vishnevsky.
9:04 of 2nd period - Deflect By Andy Hilbert.
9:04 of 2nd period - Goal by Andy Hilbert - Sabres : 4 - Sénateurs : 2.
9:05 of 2nd period - Gilbert Brule wins face-off versus Derick Brassard in neutral zone.
9:41 of 2nd period - Snap shot by Daymond Langkow.
9:41 of 2nd period - Stopped by Michal Neuvirth with a rebound.
9:43 of 2nd period - Slapshot by Vitaly Vishnevsky.
9:43 of 2nd period - Shot Blocked by Nathan Paetsch.
9:43 of 2nd period - Nathan Paetsch from Sabres is injured at 9:43 of 2nd period (Back Spasms).
9:44 of 2nd period - Derick Brassard wins face-off versus Gilbert Brule in Sabres zone.
10:12 of 2nd period - Snap shot by Ole-Kristian Tollefsen.
10:12 of 2nd period - Shot Misses the Net.
10:18 of 2nd period - Ole-Kristian Tollefsen is hit by Daymond Langkow and loses puck.
10:33 of 2nd period - Wrist shot by Andy Hilbert.
10:33 of 2nd period - Stopped by Michal Neuvirth with a rebound.
10:35 of 2nd period - Snap shot by B.J. Crombeen.
10:35 of 2nd period - Shot Blocked by Antoine Roussel.
11:32 of 2nd period - Antoine Roussel is hit by Daymond Langkow and loses puck.
11:49 of 2nd period - Andrew Ebbett is hit by Tyler Sloan and loses puck.
12:06 of 2nd period - Jean-Pierre Dumont is hit by Justin Williams and loses puck.
12:42 of 2nd period - Antoine Roussel is hit by Todd Bertuzzi and loses puck.
13:00 of 2nd period - Backhand shot by B.J. Crombeen.
13:00 of 2nd period - Stopped by Michal Neuvirth without a rebound.
13:01 of 2nd period - Ryan Hollweg wins face-off versus Gilbert Brule in Sabres zone.
13:15 of 2nd period - Gilbert Brule is hit by Ryan Hollweg.
13:25 of 2nd period - Ryan Parent is hit by Todd White and loses puck.
13:33 of 2nd period - Minor Penalty to Justin Williams for Roughing.
13:34 of 2nd period - Mike Fisher wins face-off versus Gilbert Brule in Sabres zone.
13:42 of 2nd period - Snap shot by Dan Hamhuis.
13:42 of 2nd period - Stopped by Michal Neuvirth with a rebound.
13:44 of 2nd period - Wrist shot by Dan Hamhuis.
13:44 of 2nd period - Deflect By Andy McDonald.
13:44 of 2nd period - Shot Misses the Net.
13:44 of 2nd period - Puck is out of play.
13:45 of 2nd period - Gilbert Brule wins face-off versus Mike Fisher in Sabres zone.
13:48 of 2nd period - Snap shot by Andy McDonald.
13:48 of 2nd period - Stopped by Michal Neuvirth with a rebound.
14:10 of 2nd period - Joni Pitkanen is hit by Dan Hamhuis and loses puck.
15:33 of 2nd period - Penalty to Justin Williams is over, Justin Williams is back on ice.
16:29 of 2nd period - Sami Salo is hit by Nathan Dempsey and loses puck.
16:42 of 2nd period - Wrist shot by Kyle Calder.
16:42 of 2nd period - Shot Blocked by Dan Girardi.
16:44 of 2nd period - Wrist shot by Tyler Sloan.
16:44 of 2nd period - Shot Blocked by Vernon Fiddler.
17:09 of 2nd period - Niclas Bergfors is hit by Andrew Ebbett and loses puck.
17:27 of 2nd period - Darcy Hordichuk is hit by Todd White and loses puck.
17:42 of 2nd period - Daymond Langkow is hit by Derick Brassard and loses puck.
19:06 of 2nd period - Snap shot by Andy McDonald.
19:06 of 2nd period - Stopped by Michal Neuvirth with a rebound.
19:08 of 2nd period - Backhand shot by Jean-Pierre Dumont.
19:08 of 2nd period - Shot Misses the Net.
19:14 of 2nd period - Andy McDonald is hit by Tomas Kopecky and loses puck.
19:35 of 2nd period - Antoine Roussel is hit by Andy Hilbert and loses puck.
19:56 of 2nd period - Richard Lintner is hit by Todd Bertuzzi.
Goals for this period are 3 for Sabres vs 2 for Sénateurs.
Shots for this period are 10 for Sabres vs 15 for Sénateurs.

3rd period


0:01 of 3rd period - Gilbert Brule wins face-off versus Derick Brassard in neutral zone.
0:05 of 3rd period - Off-side.
0:06 of 3rd period - Derick Brassard wins face-off versus Gilbert Brule in neutral zone.
0:31 of 3rd period - Snap shot by James Neal.
0:31 of 3rd period - Stopped by Jeff Deslauriers with a rebound.
0:33 of 3rd period - Snap shot by Derick Brassard.
0:33 of 3rd period - Shot Blocked by Dan Hamhuis.
0:41 of 3rd period - Minor Penalty to Todd Bertuzzi for Hooking.
0:42 of 3rd period - Gilbert Brule wins face-off versus Derick Brassard in Sénateurs zone.
0:49 of 3rd period - Wrist shot by Jean-Pierre Dumont.
0:49 of 3rd period - Stopped by Michal Neuvirth without a rebound.
0:50 of 3rd period - Derick Brassard wins face-off versus Gilbert Brule in Sabres zone.
0:57 of 3rd period - Dan Hamhuis is hit by Joni Pitkanen and loses puck.
1:05 of 3rd period - Wrist shot by Joni Pitkanen.
1:05 of 3rd period - Deflect By Vitaly Vishnevsky.
1:05 of 3rd period - Goal by Joni Pitkanen - Sabres : 5 - Sénateurs : 2.
1:06 of 3rd period - Gilbert Brule wins face-off versus Niclas Bergfors in neutral zone.
1:10 of 3rd period - Off-side.
1:11 of 3rd period - Derick Brassard wins face-off versus Gilbert Brule in neutral zone.
1:38 of 3rd period - Wrist shot by James Neal.
1:38 of 3rd period - Shot Blocked by Todd Bertuzzi.
1:40 of 3rd period - Slapshot by Ole-Kristian Tollefsen.
1:40 of 3rd period - Shot Blocked by Vitaly Vishnevsky.
2:01 of 3rd period - Wrist shot by Andrew Ebbett.
2:01 of 3rd period - Stopped by Michal Neuvirth with a rebound.
2:03 of 3rd period - Slapshot by Dan Hamhuis.
2:03 of 3rd period - Shot Misses the Net.
2:13 of 3rd period - Slapshot by Justin Williams.
2:13 of 3rd period - Stopped by Jeff Deslauriers without a rebound.
2:14 of 3rd period - Todd White wins face-off versus Vernon Fiddler in Sénateurs zone.
2:25 of 3rd period - Snap shot by Nikita Alexeev.
2:25 of 3rd period - Stopped by Michal Neuvirth without a rebound.
2:26 of 3rd period - Derick Brassard wins face-off versus Gilbert Brule in Sabres zone.
2:30 of 3rd period - Off-side.
2:31 of 3rd period - Gilbert Brule wins face-off versus Derick Brassard in neutral zone.
2:35 of 3rd period - Minor Penalty to Gilbert Brule for Interference.
2:36 of 3rd period - Andy Hilbert wins face-off versus Derick Brassard in Sénateurs zone.
2:47 of 3rd period - James Neal is hit by Jean-Pierre Dumont and loses puck.
2:53 of 3rd period - Off-side.
2:54 of 3rd period - Ryan Hollweg wins face-off versus Andy Hilbert in neutral zone.
3:09 of 3rd period - Dan Hamhuis is hit by Ryan Hollweg.
4:35 of 3rd period - Penalty to Gilbert Brule is over, Gilbert Brule is back on ice.
4:43 of 3rd period - Slapshot by Nikita Alexeev.
4:43 of 3rd period - Stopped by Michal Neuvirth without a rebound.
4:44 of 3rd period - Nikita Alexeev wins face-off versus Todd White in Sabres zone.
4:53 of 3rd period - Slapshot by Nikita Alexeev.
4:53 of 3rd period - Shot Blocked by Todd White.
4:55 of 3rd period - Backhand shot by Ryan Parent.
4:55 of 3rd period - Deflect By Ole-Kristian Tollefsen.
4:55 of 3rd period - Stopped by Michal Neuvirth without a rebound.
4:56 of 3rd period - Gilbert Brule wins face-off versus Ryan Hollweg in Sabres zone.
5:10 of 3rd period - Off-side.
5:11 of 3rd period - Niclas Bergfors wins face-off versus Gilbert Brule in neutral zone.
5:24 of 3rd period - Wrist shot by Jean-Pierre Dumont.
5:24 of 3rd period - Shot Misses the Net.
5:26 of 3rd period - Snap shot by Gilbert Brule.
5:26 of 3rd period - Shot Blocked by Derick Brassard.
5:36 of 3rd period - Tomas Kopecky is hit by Daymond Langkow and loses puck.
5:57 of 3rd period - Wrist shot by Mike Fisher.
5:57 of 3rd period - Shot Blocked by Dan Girardi.
6:20 of 3rd period - Icing by Jean-Pierre Dumont.
6:21 of 3rd period - Jean-Pierre Dumont wins face-off versus Todd White in Sénateurs zone.
6:21 of 3rd period - Jean-Pierre Dumont is hit by Ole-Kristian Tollefsen.
7:49 of 3rd period - Snap shot by Derick Brassard.
7:49 of 3rd period - Stopped by Jeff Deslauriers with a rebound.
8:47 of 3rd period - Snap shot by Ryan Hollweg.
8:47 of 3rd period - Stopped by Jeff Deslauriers with a rebound.
8:49 of 3rd period - Wrist shot by Justin Williams.
8:49 of 3rd period - Deflect By Todd Bertuzzi.
8:49 of 3rd period - Stopped by Jeff Deslauriers without a rebound.
8:50 of 3rd period - Derick Brassard wins face-off versus Andy McDonald in Sénateurs zone.
9:01 of 3rd period - Snap shot by Niclas Bergfors.
9:01 of 3rd period - Shot Misses the Net.
9:10 of 3rd period - Icing by Vitaly Vishnevsky.
9:11 of 3rd period - Gilbert Brule wins face-off versus Derick Brassard in Sénateurs zone.
9:38 of 3rd period - Gilbert Brule is hit by Mats Sundin and loses puck.
9:42 of 3rd period - Carlo Colaiacovo is hit by Richard Lintner and loses puck.
9:51 of 3rd period - Gilbert Brule is hit by Mike Fisher and loses puck.
10:08 of 3rd period - Snap shot by B.J. Crombeen.
10:08 of 3rd period - Shot Blocked by Justin Williams.
10:10 of 3rd period - Snap shot by Andy Hilbert.
10:10 of 3rd period - Shot Misses the Net.
10:12 of 3rd period - Snap shot by Ryan Parent.
10:12 of 3rd period - Shot Misses the Net.
10:14 of 3rd period - Snap shot by Andrew Ebbett.
10:14 of 3rd period - Stopped by Michal Neuvirth with a rebound.
11:08 of 3rd period - Snap shot by Dan Hamhuis.
11:08 of 3rd period - Shot Blocked by Justin Williams.
11:18 of 3rd period - Wrist shot by Justin Williams.
11:18 of 3rd period - Stopped by Jeff Deslauriers without a rebound.
11:19 of 3rd period - Ryan Hollweg wins face-off versus Andrew Ebbett in Sénateurs zone.
11:48 of 3rd period - Tomas Kopecky is hit by Daymond Langkow and loses puck.
12:07 of 3rd period - Snap shot by Antoine Roussel.
12:07 of 3rd period - Shot Misses the Net.
12:40 of 3rd period - Joni Pitkanen is hit by Andrew Ebbett and loses puck.
12:50 of 3rd period - Icing by Justin Williams.
12:51 of 3rd period - Todd White wins face-off versus Daymond Langkow in Sabres zone.
12:51 of 3rd period - Todd White is hit by Darcy Hordichuk.
12:57 of 3rd period - Mats Sundin is hit by Darcy Hordichuk and loses puck.
13:05 of 3rd period - Minor Penalty to Mats Sundin for Diving.
13:06 of 3rd period - Mike Fisher wins face-off versus Gilbert Brule in Sabres zone.
13:14 of 3rd period - Slapshot by Dan Hamhuis.
13:14 of 3rd period - Shot Misses the Net.
13:24 of 3rd period - Jean-Pierre Dumont is hit by Nathan Dempsey and loses puck.
14:23 of 3rd period - Icing by Todd Bertuzzi.
14:24 of 3rd period - Kyle Calder wins face-off versus Daymond Langkow in Sénateurs zone.
14:27 of 3rd period - Wrist shot by Tomas Kopecky.
14:27 of 3rd period - Stopped by Jeff Deslauriers without a rebound.
14:28 of 3rd period - Kyle Calder wins face-off versus Gilbert Brule in Sénateurs zone.
15:05 of 3rd period - Penalty to Mats Sundin is over, Mats Sundin is back on ice.
15:37 of 3rd period - Slapshot by Joni Pitkanen.
15:37 of 3rd period - Shot Blocked by Nikita Alexeev.
15:39 of 3rd period - Snap shot by Tomas Kopecky.
15:39 of 3rd period - Stopped by Jeff Deslauriers without a rebound.
15:40 of 3rd period - Derick Brassard wins face-off versus Gilbert Brule in Sénateurs zone.
15:47 of 3rd period - James Neal is hit by Vitaly Vishnevsky and loses puck.
15:56 of 3rd period - Snap shot by Andy McDonald.
15:56 of 3rd period - Deflect By Jean-Pierre Dumont.
15:56 of 3rd period - Shot Misses the Net.
15:56 of 3rd period - Puck is out of play.
15:57 of 3rd period - Mike Fisher wins face-off versus Daymond Langkow in Sabres zone.
16:02 of 3rd period - Snap shot by Antoine Roussel.
16:02 of 3rd period - Shot Blocked by Vitaly Vishnevsky.
16:04 of 3rd period - Wrist shot by Mike Fisher.
16:04 of 3rd period - Shot Blocked by Vitaly Vishnevsky.
16:06 of 3rd period - Wrist shot by Mats Sundin.
16:06 of 3rd period - Shot Misses the Net.
16:10 of 3rd period - Slapshot by Antoine Roussel.
16:10 of 3rd period - Stopped by Jeff Deslauriers without a rebound.
16:11 of 3rd period - Derick Brassard wins face-off versus Gilbert Brule in Sénateurs zone.
16:23 of 3rd period - Minor Penalty to Andy McDonald for Hooking.
16:24 of 3rd period - Gilbert Brule wins face-off versus Derick Brassard in Sénateurs zone.
16:24 of 3rd period - Gilbert Brule is hit by Derick Brassard.
16:39 of 3rd period - Wrist shot by James Neal.
16:39 of 3rd period - Deflect By Niclas Bergfors.
16:39 of 3rd period - Stopped by Jeff Deslauriers without a rebound.
16:40 of 3rd period - Gilbert Brule wins face-off versus Derick Brassard in Sénateurs zone.
16:51 of 3rd period - Snap shot by Niclas Bergfors.
16:51 of 3rd period - Deflect By James Neal.
16:51 of 3rd period - Shot Blocked by Dan Hamhuis.
16:51 of 3rd period - Puck is out of play.
16:52 of 3rd period - Gilbert Brule wins face-off versus Derick Brassard in Sénateurs zone.
17:07 of 3rd period - Wrist shot by James Neal.
17:07 of 3rd period - Stopped by Jeff Deslauriers with a rebound.
18:23 of 3rd period - Penalty to Andy McDonald is over, Andy McDonald is back on ice.
18:56 of 3rd period - Slapshot by Ryan Hollweg.
18:56 of 3rd period - Stopped by Jeff Deslauriers with a rebound.
18:59 of 3rd period - Icing by Ryan Parent.
19:00 of 3rd period - Ryan Hollweg wins face-off versus Vernon Fiddler in Sénateurs zone.
19:04 of 3rd period - Icing by Sami Salo.
19:05 of 3rd period - Vernon Fiddler wins face-off versus Derick Brassard in Sénateurs zone.
19:38 of 3rd period - Snap shot by Gilbert Brule.
19:38 of 3rd period - Stopped by Michal Neuvirth with a rebound.
19:46 of 3rd period - Icing by Andy McDonald.
19:47 of 3rd period - Gilbert Brule wins face-off versus Mike Fisher in Sénateurs zone.
Goals for this period are 1 for Sabres vs 0 for Sénateurs.
Shots for this period are 13 for Sabres vs 7 for Sénateurs.


Output by the SimonT Hockey Simulator (STHS) for François Prévost -- Original Page W3C XHTML 1.0 Valid
Hockey Simulator - Hockey Simulation - Hockey Manager